 Dungeon Crawl Stone Soup version 0.28-a0-32-g8dfe7f97f6 (webtiles) character file.

Game seed: 16911143941078205078

49 Sweetruy1997 the Chiller (level 3, 0/28 HPs)
             Began as a Naga Ice Elementalist on July 26, 2021.
             Slain by a worm (6 damage)
             ... on level 2 of the Dungeon on July 27, 2021.
             The game lasted 00:04:15 (1288 turns).

Sweetruy1997 the Chiller (Naga Ice Elementalist)    Turns: 1288, Time: 00:04:15

Health: 0/28       AC:  2    Str: 10    XL:     3   Next: 75%
Magic:  1/6        EV:  9    Int: 16    God:
Gold:   39         SH:  3    Dex: 11    Spells: 0/7 levels left

rFire   . . .      SeeInvis +   h - +0 whip
rCold   . . .      Faith    .   i - +0 buckler
rNeg    . . .      Spirit   .   a - +0 robe
rPois   +          Reflect  .   (no helmet)
rElec   .          Harm     .   (no cloak)
rCorr   .          Rampage  .   (no gloves)
Will    .....                   (no barding)
Stlth   ++........              (no amulet)
HPRegen 0.09/turn               (no ring)
MPRegen 0.10/turn               (no ring)

@: very slow
A: AC +1, large, see invisible, deformed body, poison resistance, slowness 2,
spit poison 1, naga tail 1
a: Spit Poison


You were on level 2 of the Dungeon.
You visited 1 branch of the dungeon, and saw 2 of its levels.

You collected 39 gold pieces.

Inventory:

Hand Weapons
 h - a +0 whip (weapon)
Armour
 a - a +0 robe (worn)
 i - a +0 buckler (worn)
Scrolls
 b - a scroll of enchant armour {unknown}
 d - 2 scrolls of teleportation
 f - a scroll of identify {unknown}
 k - a scroll of blinking {unknown}
Potions
 c - a potion of lignification {unknown}
 e - a potion of brilliance {unknown}
 g - 3 potions of might {unknown}
 j - a potion of ambrosia {unknown}
 l - 2 potions of degeneration {unknown}


   Skills:
 + Level 1.6 Dodging
 + Level 3.1 Stealth
 + Level 2.6 Spellcasting
 + Level 4.8 Ice Magic


You couldn't memorise any spells.
You knew the following spells:

 Your Spells              Type           Power      Damage    Failure   Level
a - Freeze                Ice            68%        1d8       4%          1
b - Frozen Ramparts       Ice            34%        1d5       13%         3
c - Ozocubu's Armour      Ice            17%        N/A       13%         3

Your spell library contained the following spells:

 Spells                   Type           Power      Damage    Failure   Level
 Blink                    Tloc           N/A        N/A       45%         2
 Hailstorm                Conj/Ice       9%         3d4       77%         4
 Manifold Assault         Tloc           2%         N/A       100%        5
 Storm Form               Tmut/Air       1%         N/A       100%        7


Dungeon Overview and Level Annotations

Branches:
Dungeon (2/15)

Altars:
Ru

Annotations:
D:2 1 runed translucent door, Crazy Yiuf


Innate Abilities, Weirdness & Mutations

Your serpentine skin is tough. (AC +1)
You have supernaturally acute eyesight. (SInv)
Armour fits poorly on your strangely shaped body.
Your system is resistant to poisons. (rPois)
You cover ground very slowly.
You can spit poison.
You have a snake-like lower body.


Message History

The worm is almost dead.
Your magical contamination has completely faded away.
You hit the worm but do no damage.
The worm is almost dead.
The worm bites you. The worm bites you!
* * * LOW HITPOINT WARNING * * *
You have got your breath back.
Your shield prevents you from hitting the worm.
The worm is almost dead.
The worm barely misses you.
You hit the worm.
You kill the worm!
You are too injured to fight recklessly!
Casting: Freeze (safe; 4% risk of failure)
Confirm with . or Enter, or press ? or * to list all spells.
Aiming: Freeze (safe; 4% risk of failure)
Press: ? - help, Shift-Dir - straight line, f - worm
Aim: a worm You freeze the worm.
The worm is moderately wounded.
Casting: Freeze (safe; 4% risk of failure)
Confirm with . or Enter, or press ? or * to list all spells.
Okay, then.
Casting: Freeze (safe; 4% risk of failure)
Confirm with . or Enter, or press ? or * to list all spells.
Aiming: Freeze (safe; 4% risk of failure)
Press: ? - help, Shift-Dir - straight line, f/p - worm
Aim: a worm You freeze the worm!
The worm is heavily wounded.
The worm bites you.
* * * LOW HITPOINT WARNING * * *
Found a sacrificial altar of Ru.
Okay, then.
Casting: Freeze (safe; 4% risk of failure)
Confirm with . or Enter, or press ? or * to list all spells.
Okay, then.
A worm is nearby!
The worm bites you.
You die...

........###♣♣ ###
#........#..♣♣ ♣♣#..)#
...........PP♣♣♣♣.+...#
...........PP.♣..♣#...#
.........#...♣.♣♣♣ ###
.........##♣♣♣♣♣
.........#
.........############
.####...........@...####.#
##.)##..........w........#
#...†....................#
#..##............#..._...#
## ##....#...##.#.......#
#....###...........##
#(..## ####...###### #..##
##..# #..## #...


You could see a worm.

Vanquished Creatures
  A gnoll (D:2)
  An adder (D:2)
  A worm (D:2)
  2 dart slugs
  2 endoplasms (D:1)
  4 jackals (D:1)
  A quokka (D:1)
  3 frilled lizards (D:1)
  3 goblins
  2 kobolds (D:1)
  6 rats
26 creatures vanquished.

Vanquished Creatures (others)
  A fungus (D:2)
1 creature vanquished.

Grand Total: 27 creatures vanquished

Notes
Turn   | Place    | Note
-------+----------+-------------------------------------------
     0 | D:1      | Sweetruy1997 the Naga Ice Elementalist began the quest for
                  | the Orb.
     0 | D:1      | Reached XP level 1. HP: 15/15 MP: 3/3
   145 | D:1      | Upgraded the game from 0.28-a0-21-gf74fda84f9 to
                  | 0.28-a0-32-g8dfe7f97f6
   414 | D:1      | Reached XP level 2. HP: 22/22 MP: 3/5
  1014 | D:2      | Reached XP level 3. HP: 27/28 MP: 2/6
  1018 | D:2      | Learned a level 3 spell: Frozen Ramparts
  1022 | D:2      | Learned a level 3 spell: Ozocubu's Armour
  1090 | D:2      | Found a faded altar of an unknown god.
  1238 | D:2      | Found a runed translucent door.
  1239 | D:2      | Noticed Crazy Yiuf
  1282 | D:2      | Found a sacrificial altar of Ru.
  1288 | D:2      | Slain by a worm

Illustrated notes

Levels and vault maps discovered:
D:1:      noname_arrival_rooms_in_the_neighbourhood, layout_rooms
D:2:      layout_rooms, basic_altar, basic_ecumenical_altar,
          minmay_close_crescents, uniq_crazy_yiuf_cottage

Action                   || total
-------------------------++-------
Melee: Unarmed           ||     6
       Whip              ||     4
 Cast: Freeze            ||    43
 Abil: Spit Poison       ||     4
  Use: Scroll            ||     1
Armor: Robe              ||     3
Dodge: Dodged            ||    34
Block: Buckler           ||     2

Table legend: (Time is in decaauts)
 A = Elapsed time spent in this place.
 B = Non-inter-level travel time spent in this place.
 C = Inter-level travel time spent in this place.
 D = Time resting spent in this place.
 E = Time spent auto-exploring this place.
 F = Levels seen in this place.
 G = Mean time per level.
                   A        B        C        D        E       F      G
               +--------+--------+--------+--------+--------+-----+--------+
         Total |   1498 |   1448 |     50 |    322 |    833 |   2 |  749.0 |
       Dungeon |   1498 |   1448 |     50 |    322 |    833 |   2 |  749.0 |
               +--------+--------+--------+--------+--------+-----+--------+

Top non-repeatable levels by time:
     D:1: 1147 daAuts
     D:2: 351 daAuts
